 Dungeon Crawl Stone Soup version 0.30-a0-159-g068b764562 (webtiles) character file.

Game seed: 16941234289113972020

23 Flugkiller the Conjurer (level 2, -29/36 (43) HPs)
             Began as an Ogre Reaver on Sept 27, 2022.
             Killed by an exploding hobgoblin (50 damage)
             ... ignited by their inner flame
             ... on level 2 of the Dungeon.
             The game lasted 00:01:18 (1099 turns).

Flugkiller the Conjurer (Ogre Reaver)               Turns: 1099, Time: 00:01:18

HP:   -29/36 (43)   AC: 21    Str: 15    XL:     2   Next: 95%
MP:   15/15         EV:  1    Int: 14    God:
Gold: 39            SH:  5    Dex:  7    Spells: 6/7 levels left

rFire   . . .      SeeInvis .    a - +0 mace
rCold   . . .      Faith    .    (no shield)
rNeg    . . .      Spirit   .    (body armour currently unavailable)
rPois   +          Reflect  +    (helmet currently unavailable)
rElec   .          Harm     .    (cloak currently unavailable)
rCorr   .          Rampage  .    (gloves unavailable)
Will    .....      NoTele   +    (boots unavailable)
Stlth   +.........               i - amulet of reflection
HPRegen 0.12/turn                f - ring of magical power
MPRegen 0.14/turn                (no ring)

@: brilliant, tree-form, attractive, heavily drained
A: stationary, stasis, torment immunity, boosted hp, large, unfitting armour,
(tough skin 1)
a: no special abilities


You were on level 2 of the Dungeon.
You were a tree.
You visited 1 branch of the dungeon, and saw 2 of its levels.

You collected 39 gold pieces.

Inventory:

Hand Weapons
 a - a +0 mace (weapon)
 e - a +0 dagger of protection
   (You took it off a goblin on level 1 of the Dungeon)
 j - a +3 dagger of speed
   (You took it off a goblin on level 1 of the Dungeon)
Armour
 b - a +1 robe (melded)
Jewellery
 f - a ring of magical power (left branch)
   (You found it on level 1 of the Dungeon)
 i - an amulet of reflection (around neck)
   (You found it on level 1 of the Dungeon)
Potions
 g - 2 potions of lignification
 l - a potion of brilliance


   Skills:
 - Level 2.6 Fighting
 - Level 2.6 Maces & Flails
 - Level 1.7 Dodging
 - Level 3.0 Spellcasting
 + Level 3.3 Conjurations


You had 6 spell levels left.
You knew the following spells:

 Your Spells              Type           Power      Damage    Failure   Level
a - Kiss of Death         Conj/Necr      40%        2d8       11%         1

Your spell library contained the following spells:

 Spells                   Type           Power      Damage    Failure   Level
 Volcanic Tap             Conj/Fire/Erth 14%        3d8       21%         2
 Beastly Appendage        Tmut           6%         N/A       22%         1
 Hailstorm                Conj/Ice       10%        3d5       32%         3


Dungeon Overview and Level Annotations

Branches:
Dungeon (2/15) Zot: 10881

Altars:


Innate Abilities, Weirdness & Mutations

You are a tree.
Your roots penetrate the ground, keeping you stationary.
You cannot be teleported.
You are immune to unholy pain and torment.
Your maximum health is greatly increased.
Your equipment is partially melded.
You are too large for most types of armour.
((You have tough skin. (AC +1)))


Message History

Robin of the Strong Arm comes into view.
They are wielding a +0 club.
Robin shouts!
You hear a shout!
Robin throws the goblin at you! The goblin hits you with a +0 club.
You hear a shout! x2
You closely miss the goblin. The goblin hits you with a +0 club.
The goblin completely misses you. The goblin hits you with a +0 club. x2
You are too injured to fight recklessly!
You are too injured to fight recklessly!
You are too injured to fight recklessly!
You are too injured to fight recklessly!
You are too injured to fight recklessly!
You are too injured to fight recklessly!
You closely miss the goblin. The goblin completely misses you.
You block the goblin's attack.
You sock the goblin!
You kill the goblin!
The goblin hits you with a +0 club. Robin throws the goblin at you!
You hit the goblin.
You kill the goblin!
A goblin comes into view. It is wielding a +0 dagger.
The goblin closely misses you.
Casting: Kiss of Death (safe; 11% risk of failure)
Confirm with . or Enter, or press ? or * to list all spells.
Aiming: Kiss of Death (safe; 11% risk of failure)
Press: ? - help, Shift-Dir - straight line, f - goblin
Aim: a goblin, wielding a +0 club (100% to hit)
The negative energy hits the goblin.
The goblin is drained!
You kill the goblin!
You feel drained.
As you read the scroll labelled UPNEUSAEPP, it crumbles to dust.
The creatures around you are filled with an inner flame!
It was a scroll of immolation.
Robin roars a battlecry!
The goblins go into a battle-frenzy!
The hobgoblin hits you.
Unknown command.
A goblin comes into view. It is wielding a +0 dagger.
Things that are here:
a +0 dagger; a +0 club; a goblin corpse Robin says, "Bow before me, strongest of all the hobgoblins!"
Robin roars a battlecry!
As you read the scroll labelled QEPOME LIRPH, it crumbles to dust.
It is a scroll of enchant armour.
Your +0 robe glows green for a moment.
Robin throws the goblin at you! The goblin completely misses you.
The hobgoblin hits you.
The air fills with toxic fumes!
As you read the scroll labelled ZIBIPAGEA, it crumbles to dust.
It was a scroll of poison.
The goblin hits you with a +0 dagger.
* * * LOW HITPOINT WARNING * * *
The hobgoblin hits you.
* * * LOW HITPOINT WARNING * * *
Unknown command.
Really walk into that cloud of poison gas?
Okay, then.
As you read the scroll labelled GAICKUB NOOVO, it crumbles to dust.
You feel aware of your surroundings.
It was a scroll of magic mapping.
The goblin hits you but does no damage. You block the hobgoblin's attack.
Unknown command.
As you read the scroll labelled RUACOUXZAG, it crumbles to dust.
It is a scroll of enchant weapon.
Your +2 dagger of speed glows red for a moment.
The goblin barely misses you. The hobgoblin hits you.
* * * LOW HITPOINT WARNING * * *
Unknown command.
It was a potion of lignification.
You turn into a tree.
Your +1 robe melds into your body.
Your roots penetrate the ground.
Robin says, "Feeling lonely?"
The goblin hits you but does no damage. You block the hobgoblin's attack.
It was a potion of curing.
You feel better.
q - a potion of curing The goblin hits you but does no damage.
You block the hobgoblin's attack.
It was a potion of brilliance.
You feel clever all of a sudden. The goblin hits you but does no damage.
The hobgoblin hits you but does no damage.
Unknown command.
It was a potion of attraction.
You feel attractive to monsters. The goblin hits you but does no damage.
The hobgoblin hits you but does no damage.
Robin is attracted toward you. The goblin is attracted toward you.
It was a potion of magic.
Magic courses through your body.
Robin is engulfed in poison gas.
Robin is poisoned.
Flame seeps out of Robin.
The goblin barely misses you. You block the hobgoblin's attack.
The goblin is engulfed in poison gas.
The goblin is poisoned.
You aren't carrying any items that you can evoke.
Unknown command.
Okay, then.
You aren't carrying any scrolls.
Unknown command.
You feel better.
Flame seeps out of Robin.
Robin is engulfed in poison gas.
Robin looks even sicker.
Robin explodes!
The fiery explosion engulfs the goblin!!
You kill the goblin!
The fiery explosion engulfs the hobgoblin!!
The hobgoblin explodes!
The fiery explosion engulfs you!!!
Ouch! That really hurt!
You die...

,,,,,,,>********###*
*,,,,*,,,,,,,,,,...*
*,,,,**,********#.#*
*,,,,,,,,,,,,* #§#
*,<,,**,****,* #§#
,,,,,**,* *,* #☼#
,,,,,**,* *,* #§#
,,,,,**,****,####§##
,,,,,,,,,,,*,#§§♣g☼#
,***,*,,*,**,#§#####
,*,*,**,*,**,#)#
,,,*,*,,*,*#.#.#
,*,*,*,,*,*#.#.#
,*,*,*,,*,*#.#.#
,,,,,,..,,*#.#.#
,*,*,*#.#**#.#.#
,*,#,*#.# #.#.#


You could see a goblin (inner flame, strong).

Vanquished Creatures
  Robin (D:2)
  A dart slug (D:1)
  A bat (D:1)
  2 endoplasms (D:1)
  7 goblins
  3 hobgoblins
  A quokka (D:2)
  2 ball pythons
  2 frilled lizards (D:1)
  A kobold (D:1)
  A rat (D:1)
22 creatures vanquished.

Notes
Turn   | Place    | Note
-------+----------+-------------------------------------------
     0 | D:1      | Flugkiller the Ogre Reaver began the quest for the Orb.
     0 | D:1      | Reached XP level 1. HP: 22/22 MP: 3/3
   520 | D:1      | Found a faded altar of an unknown god.
   530 | D:1      | Got Plato's Treatise on Variation
   550 | D:1      | Reached XP level 2. HP: 20/29 MP: 5/5
  1080 | D:2      | Noticed Robin
  1093 | D:2      | HP: 1/24 [hobgoblin[Robin] (4)]
  1099 | D:2      | Killed Robin
  1099 | D:2      | Killed by an exploding hobgoblin... ignited by their inner
                  | flame

Illustrated notes

Levels and vault maps discovered:
D:1:      dpeg_arrival_chambers_temple_mockup, layout_basic,
          shapermc_ecumenical_altar_rom_forum
D:2:      layout_basic, uniq_robin

Skill      XL: |  1  2 |
---------------+-------+-----
Conjurations   | 3 |  3.3
Spellcasting   | 3 |  3.0
Fighting       | |  2.6
Maces & Flails | |  2.6
Dodging        | |  1.7

Action                   || total
-------------------------++-------
Melee: Mace              ||    71
 Cast: Kiss of Death     ||     1
  Use: Potion            ||     6
       Scroll            ||     5
Armor: Robe              ||    17
       Skin              ||     6
Dodge: Dodged            ||    41
Block: Other             ||    14
       Reflection        ||     1

Table legend: (Time is in decaauts)
 A = Elapsed time spent in this place.
 B = Non-inter-level travel time spent in this place.
 C = Inter-level travel time spent in this place.
 D = Time resting spent in this place.
 E = Time spent auto-exploring this place.
 F = Levels seen in this place.
 G = Mean time per level.
                   A        B        C        D        E       F      G
               +--------+--------+--------+--------+--------+-----+--------+
         Total |   1117 |   1106 |     11 |    295 |    624 |   2 |  558.5 |
       Dungeon |   1117 |   1106 |     11 |    295 |    624 |   2 |  558.5 |
               +--------+--------+--------+--------+--------+-----+--------+

Top non-repeatable levels by time:
     D:1: 996 daAuts
     D:2: 121 daAuts
